 Dungeon Crawl Stone Soup version 0.18.1-6-gd335043 (webtiles) character file.

197 inmateoo the Sneak (level 5, -7/33 HPs)
             Began as an Octopode Earth Elementalist on May 19, 2016.
             Killed from afar by Blork the orc (12 damage)
             ... with a puff of frost
             ... on level 3 of the Dungeon.
             The game lasted 00:07:06 (3430 turns).

inmateoo the Sneak (Octopode Earth Elementalist)    Turns: 3430, Time: 00:07:07

Health: -7/33      AC:  4    Str:  8    XL:     5   Next: 75%
Magic:  3/8        EV: 13    Int: 22    God:
Gold:   252        SH:  0    Dex: 17    Spells: 3 memorised, 2 levels left

rFire  + . .     SeeInvis .     (no weapon)
rCold  . . .     Gourm    .     (no shield)
rNeg   . . .     Faith    .     (helmet restricted)
rPois  +         Spirit   .     (no amulet)
rElec  .         Dismiss  .     e - ring of protection from fire
rCorr  .         Reflect  .     g - ring of sustain attributes
SustAt +         Harm     .     n - +3 ring of protection
MR     .....                    y - ring "Koorenietoe" {+Fly rPois Int+4 Dex+5 Stlth-}
Stlth  ++++......               (no ring)
                                (no ring)
                                (no ring)
                                (no ring)

@: not resistant to hostile enchantments, stealthy
A: almost no armour, amphibious, 8 rings, constrict 8, camouflage 1, gelatinous
body 1
a: Evoke Flight


You were on level 3 of the Dungeon.
You were very hungry.

You visited 1 branch of the dungeon, and saw 5 of its levels.

You collected 252 gold pieces.

Inventory:

Hand Weapons
 r - a +0 dagger
Missiles
 a - 111 stones (quivered)
Jewellery
 e - a ring of protection from fire (left tentacle)
 g - a ring of sustain attributes (right tentacle)
 j - an uncursed ring of fire
 n - a +3 ring of protection (on tentacle)
 y - the ring "Koorenietoe" (on tentacle) {+Fly rPois Int+4 Dex+5 Stlth-}
   (You found it on level 4 of the Dungeon)

   [ring of flight]

   It affects your intelligence (+4).
   It affects your dexterity (+5).
   It protects you from poison.
   It lets you fly.
   It makes you less stealthy.
Scrolls
 d - 2 scrolls of recharging {unknown}
 i - a scroll of immolation {unknown}
 m - a scroll of enchant weapon {unknown}
 o - 2 scrolls of remove curse {unknown}
 q - 3 scrolls of teleportation {unknown}
 s - a scroll of fog {unknown}
 t - 2 scrolls of identify {unknown}
 C - a scroll of fear {unknown}
Potions
 h - a potion of haste {unknown}
 k - a potion of agility {unknown}
 p - 2 potions of curing {unknown}
 u - a potion of cancellation {unknown}
 w - a potion of invisibility {unknown}
 x - a potion of brilliance {unknown}
 B - a potion of heal wounds {unknown}
Books
 b - a book of Geomancy

   Spells                             Type                      Level
   a - Sandblast                      Earth                        1
   b - Passwall                       Transmutation/Earth          2
   c - Stone Arrow                    Conjuration/Earth            3
   d - Petrify                        Transmutation/Earth          4
   e - Lee's Rapid Deconstruction     Earth                        5
 A - a book of Fire

   Spells                             Type                      Level
   a - Ignite Poison                  Fire/Transmutation/Poison    3
   b - Fireball                       Conjuration/Fire             5
   c - Bolt of Fire                   Conjuration/Fire             6
   d - Delayed Fireball               Conjuration/Fire             7
   e - Ring of Flames                 Charms/Fire                  7
Comestibles
 c - 4 bread rations
 f - 2 beef jerkies
 l - 6 meat rations
 v - a slice of pizza


   Skills:
 + Level 1.3 Fighting
 + Level 2.6 Dodging
 + Level 6.8 Stealth
 + Level 2.2 Spellcasting
 - Level 1.0 Transmutations
 + Level 3.4 Earth Magic


You had 2 spell levels left.
You knew the following spells:

 Your Spells              Type           Power        Failure   Level  Hunger
a - Sandblast             Erth           ###...       4%          1    None
b - Passwall              Trmt/Erth      ##........   10%         2    ##.....
c - Stone Arrow           Conj/Erth      #.....       21%         3    ###....


Dungeon Overview and Level Annotations

Branches:
Dungeon (5/15)
 Temple: D:4-7

Altars:
Dithmenos
Kikubaaqudgha

Shops:
D:4 %

Annotations:
D:4 Blork the orc, Dowan, Duvessa, Eustachio
D:5 Grinder


Innate Abilities, Weirdness & Mutations

You cannot wear most types of armour.
You are amphibious.
You can wear up to eight rings at the same time.
You can use your tentacles to constrict eight enemies at once.
Your skin changes colour to match your surroundings (Stealth).
Your rubbery body absorbs attacks (AC +1).


Message History

You are now empty-tentacled.
You hear some strange, mumbled words.
A puff of frost appears from out of thin air!
The puff of frost hits you!
You hear some strange, mumbled words.
A puff of frost appears from out of thin air!
The puff of frost hits you!
Your magical contamination has completely faded away.
There is a stone staircase leading up here.
Something hits you. Something hits you.
* * * LOW HITPOINT WARNING * * *
You climb upwards.
There is a stone staircase leading down here.
Something hits you.
* * * LOW HITPOINT WARNING * * *
You hear some strange, mumbled words.
A puff of frost appears from out of thin air!
The puff of frost hits you!
You die...

#..>...............รท#####
######..##..............#
#.#..........>......
#.#...........######
#.#..#.##.#..## #
#######....#.##.#.## ####
#....#............# #...
#....#....##.##..## #...
#......>.@.#.###.# #...
#........#.#.# #.# #...
#....##.##.#.# #.# #...
#.......##.#.# #.## #...
#.......##...###..#####...
#.....######..###.....#...
#.....# #.....#####.....
##....# #...............
#....# #.............(#


There were no monsters in sight!

Vanquished Creatures
  A howler monkey (D:4)
  An iguana (D:5)
  An orc wizard (D:4)
  A hound skeleton (D:3)
  An adder (D:2)
  A dart slug (D:1)
  5 giant geckos
  3 orcs
  12 bats
  3 giant cockroaches
  6 goblins
  7 hobgoblins
  13 jackals
  3 quokkas
  4 giant newts
  2 kobolds
  4 rats
68 creatures vanquished.

Notes
Turn   | Place    | Note
--------------------------------------------------------------
     0 | D:1      | inmateoo the Octopode Earth Elementalist began the quest for the Orb.
     0 | D:1      | Reached XP level 1. HP: 11/11 MP: 3/3
    52 | D:1      | Reached skill level 3 in Stealth
   276 | D:1      | Reached XP level 2. HP: 15/17 MP: 5/5
   309 | D:1      | Reached skill level 4 in Stealth
  1024 | D:2      | Reached XP level 3. HP: 19/21 MP: 6/6
  1031 | D:2      | Learned a level 2 spell: Passwall
  1035 | D:2      | Learned a level 3 spell: Stone Arrow
  1063 | D:2      | Reached skill level 5 in Stealth
  1700 | D:2      | Reached XP level 4. HP: 27/27 MP: 7/7
  1974 | D:3      | Reached skill level 6 in Stealth
  2410 | D:3      | Found an ancient bone altar of Kikubaaqudgha.
  2412 | D:3      | Found a shadowy altar of Dithmenos.
  2689 | D:4      | Got a warped iron ring
  2690 | D:4      | Identified the ring "Koorenietoe" {+Fly rPois Int+4 Dex+5 Stlth-} (You found it on level 4 of the Dungeon)
  2696 | D:4      | Found Hibb's Food Shop.
  2707 | D:4      | Noticed Eustachio
  2711 | D:4      | Noticed Duvessa
  2805 | D:4      | Reached skill level 1 in Fighting
  2805 | D:4      | Reached XP level 5. HP: 31/33 MP: 8/8
  2888 | D:4      | Noticed Dowan
  2915 | D:5      | Entered Level 5 of the Dungeon
  3094 | D:5      | Noticed Grinder
  3094 | D:5      | Noticed a centaur
  3396 | D:4      | Noticed Blork the orc
  3430 | D:3      | Killed from afar by Blork the orc

Skill      XL: |  1  2  3  4 |
---------------+-------------+-----
Stealth        | 3 4 5 6 |  6.8
Fighting       | 1 |  1.3
Dodging        | |  2.6
Spellcasting   | |  2.2
Transmutations | |  1.0
Earth Magic    | |  3.4

Action                   |  1- 3 |  4- 6 || total
-------------------------+-------+-------++-------
Melee: Unarmed           |    71 |       ||    71
       Tentacles         |    26 |     9 ||    35
       Constrict         |    23 |    12 ||    35
       Dagger            |    28 |    77 ||   105
 Cast: Sandblast         |     8 |    11 ||    19
       Stone Arrow       |     1 |       ||     1
 Stab: Sleeping          |     9 |    11 ||    20
  Eat: Chunk             |     2 |     5 ||     7
Armor: Skin              |    21 |    46 ||    67
Dodge: Dodged            |    66 |   102 ||   168
